 Dungeon Crawl Stone Soup version 0.27.1-1-g398f81649c (webtiles) character file.

Game seed: 13771597771599688618

371 Rickety the Covered (level 6, -6/38 HPs)
             Began as a Gargoyle Fighter on Sept 21, 2021.
             Was an Initiate of the Shining One.
             Mangled by Menkaure (10 damage)
             ... on level 5 of the Dungeon.
             The game lasted 00:05:16 (5124 turns).

Rickety the Covered (Gargoyle Fighter)              Turns: 5124, Time: 00:05:16

Health: -6/38      AC: 11    Str: 22    XL:     6   Next: 70%
Magic:  6/6        EV:  8    Int:  8    God:    the Shining One [......]
Gold:   144        SH:  9    Dex:  9    Spells: 5/5 levels left

rFire    . . .     SeeInvis .   a - +0 flail
rCold    . . .     Faith    +   c - +0 kite shield
rNeg     + . .     Spirit   .   b - +0 scale mail
rPois    ∞         Reflect  .   (no helmet)
rElec    +         Harm     .   (no cloak)
rCorr    .         Rampage  .   (no gloves)
Will     .....                  (no boots)
Stlth    ..........             k - amulet of faith
HPRegen  0.12/turn              l - ring of flight
MPRegen  0.10/turn              (no ring)

@: flying, glowing
A: sickness immunity, AC +4, negative energy resistance 1, electricity
resistance, torment resistance 1, petrification resistance
a: Renounce Religion


You were on level 5 of the Dungeon.
You worshipped the Shining One.
The Shining One was noncommittal.
You visited 1 branch of the dungeon, and saw 5 of its levels.

You collected 144 gold pieces.

Inventory:

Hand Weapons
 a - a +0 flail (weapon)
Armour
 b - a +0 scale mail (worn)
 c - a +0 kite shield (worn)
Jewellery
 k - an amulet of faith (around neck)
 l - a ring of flight (left hand)
Scrolls
 e - 4 scrolls of identify {unknown}
 h - 2 scrolls of fog {unknown}
 i - a scroll of vulnerability {unknown}
 j - a scroll of silence {unknown}
 o - a scroll of enchant weapon {unknown}
 p - a scroll of fear {unknown}
Potions
 d - a potion of might
 f - a potion of curing {unknown}
 g - 2 potions of lignification {unknown}
 m - 2 potions of attraction {unknown}
 n - 2 potions of flight {unknown}
 q - a potion of brilliance {unknown}
 r - a potion of mutation {unknown}


   Skills:
 + Level 4.2 Fighting
 + Level 4.1 Maces & Flails
 + Level 4.8 Armour
 + Level 1.2 Dodging
 + Level 4.8 Shields


You had 5 spell levels left.
You didn't know any spells.
Your spell library contained the following spells:

 Spells                   Type           Power      Damage    Failure   Level
 Dazzling Flash           Conj/Hex       0%         N/A       100%        3
 Agony                    Necr           0%         N/A       100%        5
 Silence                  Hex/Air        0%         N/A       100%        5


Dungeon Overview and Level Annotations

Branches:
Dungeon (5/15)
 Temple: D:4-7

Altars:
Elyvilon
Nemelex Xobeh
Vehumet
Zin
The Shining One

Annotations:
D:5 Menkaure


Innate Abilities, Weirdness & Mutations

You are immune to sickness and miasma.
Your stone body is resilient. (AC +4)
You are immune to poison.
You resist negative energy. (rN+)
You are resistant to electric shocks. (rElec)
You are resistant to unholy torment.
You are immune to petrification.


Message History

You fly upwards.
There is a stone staircase leading down here.
There is an open door here.
You reach down and open the door.
There is an open door here.
There is an open door here.
There is an open door here.
There is a stone staircase leading down here.
You fly downwards.
There is a stone staircase leading up here.
You fly upwards.
There is a stone staircase leading down here.
There is a stone staircase leading down here.
You fly downwards.
Menkaure shouts!
Menkaure sighs drily.
Menkaure calls on the powers of darkness!
Your body is wracked with pain!
Menkaure casts a spell.
Menkaure seems to speed up.
There is a stone staircase leading up here.
Menkaure calls on the powers of darkness!
Your body is wracked with pain!
Menkaure calls on the powers of darkness!
Your body is wracked with pain!
You hit Menkaure but do no damage. You block Menkaure's attack. x2
You sock Menkaure!
Menkaure is moderately damaged.
Menkaure hits you but does no damage.
Menkaure points at you and mumbles some strange words.
Pain shoots through your body!
You closely miss Menkaure.
Menkaure is moderately damaged.
Menkaure completely misses you.
You closely miss Menkaure.
Menkaure is moderately damaged.
Menkaure hits you!
* * * LOW HITPOINT WARNING * * *
Menkaure hits you!
You die...

#.# #####.#
#.....# #.....#
#.....#
#.....#####
#.....#...
#..M@.#.#######
+......<.......
#..............
##.............
#.............
#.###+########
#. #. #.#


You could see Menkaure (fast).

Vanquished Creatures
  A bullfrog (D:4)
  A scorpion (D:4)
  A jelly (D:3)
  2 hounds (D:4)
  An iguana (D:4)
  A gnoll (D:1)
  4 adders
  3 worms (D:2)
  A dart slug (D:2)
  6 bats
  7 endoplasms
  2 giant cockroaches
  7 goblins
  6 hobgoblins
  2 jackals (D:2)
  4 quokkas
  5 ball pythons
  13 frilled lizards (D:1)
  4 kobolds
  10 rats
81 creatures vanquished.

Vanquished Creatures (others)
  7 plants (D:1)
7 creatures vanquished.

Grand Total: 88 creatures vanquished

Notes
Turn   | Place    | Note
-------+----------+-------------------------------------------
     0 | D:1      | Rickety the Gargoyle Fighter began the quest for the Orb.
     0 | D:1      | Reached XP level 1. HP: 14/14 MP: 1/1
   223 | D:1      | Found a faded altar of an unknown god.
   438 | D:1      | Reached XP level 2. HP: 18/19 MP: 2/2
   818 | D:1      | Reached XP level 3. HP: 22/23 MP: 3/3
  1632 | D:2      | You fall into a shaft and drop 1 floor!
  1730 | D:2      | Reached XP level 4. HP: 15/29 MP: 4/4
  3083 | D:3      | Reached XP level 5. HP: 33/33 MP: 5/5
  4172 | D:4      | Reached skill level 1 in Dodging
  4247 | D:4      | Found a glowing golden altar of the Shining One.
  4249 | D:4      | Found a glowing silver altar of Zin.
  4257 | D:4      | Found a white marble altar of Elyvilon.
  4267 | D:4      | Became a worshipper of the Shining One
  4303 | D:4      | Reached XP level 6. HP: 28/38 MP: 6/6
  4442 | D:4      | Found a sparkling altar of Nemelex Xobeh.
  4442 | D:4      | Found a radiant altar of Vehumet.
  5053 | D:5      | Entered Level 5 of the Dungeon
  5117 | D:5      | Noticed Menkaure
  5124 | D:5      | Mangled by Menkaure

Illustrated notes

Levels and vault maps discovered:
D:1:      dpeg_arrival_boxorama, layout_basic, basic_ecumenical_altar,
          minmay_lizard_king
D:2:      layout_basic, st_stairs_7, minmay_bisected
D:3:      kb_forest_paths, layout_basic
D:4:      layout_loops_corners, good_gods_mini_temple,
          mainiacjoe_overflow_divided_tiny, nrook_campfire, abandoned_shop
D:5:      layout_basic, serial_shops, nicolae_shop_window_shopping,
          uniq_menkaure

Skill      XL: |  1  2  3  4  5  6 |
---------------+-------------------+-----
Shields        | 4 |  4.8
Maces & Flails | 3 4 |  4.1
Armour         | 4 |  4.8
Fighting       | 4 |  4.2
Dodging        | 1 |  1.2

Action                   |  1- 3 |  4- 6 || total
-------------------------+-------+-------++-------
Melee: Flail             |   125 |   186 ||   311
Armor: Scale mail        |    61 |   101 ||   162
Dodge: Dodged            |    40 |    58 ||    98
Block: Kite shield       |    70 |   109 ||   179
